 Dungeon Crawl Stone Soup version 0.31.0-9-g3a7656b989 (webtiles) character file.

Game seed: 7064866160128153954

120353 qw the Acrobat (level 16, -40/81 HPs)
             Began as a Spriggan Hunter on Feb 2, 2024.
             Was a High Priest of Okawaru.
             Blown up by an orb spider (86 damage)
             ... with an orb of destruction
             ... on level 2 of the Spider Nest.
             The game lasted 00:03:06 (23182 turns).

qw the Acrobat (Spriggan Hunter)                   Turns: 23182, Time: 00:03:07

Health: -40/81     AC: 10    Str:  7    XL:     16   Next: 29%
Magic:  22/24      EV: 61    Int: 13    God:    Okawaru [*****.]
Gold:   1079       SH:  5    Dex: 38    Spells: 15/15 levels left

rFire   . . .        h - +0 hand cannon (heavy)
rCold   + . .        (no shield)
rNeg    . . .        b - +5 robe "Picaug" {rC+ Int+2}
rPois   .            (helmet restricted)
rElec   .            n - +2 cloak
rCorr   .            (gloves unavailable)
SInv    +            (boots unavailable)
Will    ++...        m - amulet of reflection
Stlth   +++          p - +6 ring of dexterity
HPRegen 0.33/turn    w - +6 ring of dexterity
MPRegen 0.19/turn

%: reflection
@: finesse-ful, very quick
A: very small, no large weapons, unfitting armour, see invisible, speed 3
a: Renounce Religion, Heroism, Finesse, Duel


You were on level 2 of the Spider Nest.
You worshipped Okawaru.
Okawaru was extremely pleased with you.
You visited 5 branches of the dungeon, and saw 25 of its levels.
You also visited: Sewer.

You collected 2328 gold pieces.
You spent 1249 gold pieces at shops.


Innate Abilities, Weirdness & Mutations

You are very small and have problems with some larger weapons.
You are too small for most types of armour.
You have supernaturally acute eyesight. (SInv)
You cover ground extremely quickly. (Speed+++)


   Skills:
 - Level 8.0 Fighting
 + Level 18.8 Ranged Weapons
 - Level 1.1 Armour
 - Level 24.0 Dodging
 - Level 1.5 Stealth
 - Level 10.0 Invocations


You had 15 spell levels left.
You didn't know any spells.
Your spell library was empty.

Inventory:

Hand Weapons
 h - a +0 heavy hand cannon (weapon)
Armour
 b - the +5 robe "Picaug" (worn) {rC+ Int+2}
   (You found it on level 3 of the Dungeon)

   Int+2:     It affects your intelligence (+2).
   rC+:       It protects you from cold.
 e - a +2 robe of fire resistance
 n - a +2 cloak (worn)
 y - a +0 troll leather armour
Jewellery
 m - an amulet of reflection (around neck)
 p - a +6 ring of dexterity (left hand)
 w - a +6 ring of dexterity (right hand)
Wands
 d - a wand of mindburst (8)
 f - a wand of iceblast (21)
 i - a wand of light (17)
 j - a wand of paralysis (21)
 s - a wand of digging (7)
Scrolls
 k - 11 scrolls of identify
 o - 10 scrolls of teleportation
 q - a scroll of brand weapon
Potions
 a - 3 potions of cancellation
 c - a potion of magic
 g - 8 potions of curing
 r - 2 potions of heal wounds
 t - 3 potions of might
 u - 2 potions of mutation
 v - 3 potions of haste
 x - a potion of enlightenment

Dungeon Overview and Level Annotations

Branches:
Dungeon (15/15)            Temple (1/1) D:5            Lair (5/5) D:11
 Shoals (0/4) Lair:3       Spider (2/4) Lair:3        Slime (0/5) Lair:5
    Orc (2/2) D:11            Elf (0/3) Orc:2        Vaults (0/5) D:13
 Depths (0/4) D:15          Sewer (visited)

Altars:
Ashenzari
Cheibriados
Dithmenos
Elyvilon
Fedhas
Gozag
Hepliaklqana
Kikubaaqudgha
Makhleb
Nemelex Xobeh
Okawaru
Qazlal
Ru
Sif Muna
Trog
Uskayaw
Vehumet
Wu Jian
Xom
Yredelemnul
Zin
The Shining One
Jiyva

Shops:
D:1 *   D:4 [   D:6 *   D:8 *   D:10 [   D:12 =   Orc:2 *([=

Portals:
Trove: D:14 (give 8 potions of haste)

Annotations:
D:3 exclusion: bat
D:9 exclusion: ice statue
D:12 3 runed translucent doors, qw's ghost, journeyman SpHu
Lair:5 2 runed translucent doors


Message History

The jumping spider leaps!
The culicivora completely misses you.
The jumping spider leaps!
You shoot a bolt. The bolt hits the culicivora.
The culicivora is lightly wounded.
The culicivora completely misses you.
The jumping spider completely misses you. x2
The culicivora completely misses you.
You shoot a bolt. The bolt hits the culicivora!
The culicivora is moderately wounded.
The jumping spider completely misses you. x2
The culicivora completely misses you.
You shoot a bolt. The bolt hits the culicivora.
The culicivora is heavily wounded.
You block the jumping spider's attack.
The jumping spider completely misses you.
The culicivora completely misses you.
You shoot a bolt. The bolt hits the culicivora.
The culicivora is heavily wounded.
You carefully extract the barbed spikes from your body.
The jumping spider pounces on you. You block the jumping spider's attack.
You shoot a bolt. The bolt hits the culicivora!!!
You kill the culicivora!
Okawaru accepts your kill. The jumping spider closely misses you.
The jumping spider completely misses you.
You shoot a bolt. The bolt hits the jumping spider!!!
You kill the jumping spider!
Okawaru accepts your kill.
The orb spider weaves a glowing orb of energy.
You block the jumping spider's attack.
The jumping spider completely misses you.
An orb of destruction comes into view.
You shoot a bolt.
The bolt barely misses the jumping spider.
The jumping spider completely misses you. x2
You shoot a bolt.
The bolt barely misses the jumping spider.
The jumping spider leaps!
The orb of destruction hits you!!!!
Ouch! That really hurt!
You die...

#.....#....s#
#..##.#.....##
##.>...^#....#####
#....##..........##
#....###.##..s.0...
#....s##..#.0s.0.0.
#...0..##..0#^.0#.#
#0#00.......s.....s
#.@0..s............
###################


You could see an orb spider and a jumping spider.

Vanquished Creatures
  Mlioglotl (Spider:1)
  An emperor scorpion (Spider:1)
  2 orc warlords
  2 broodmothers
  Nessos (D:13)
  Josephine (Lair:3)
  An ettin (D:15)
  Fannar (D:11)
  8 hydras
  A catoblepas (Lair:2)
  An ogre mage (D:13)
  Erica (Orc:1)
  A radroach (Spider:1)
  A jorogumo (Spider:1)
  4 two-headed ogres
  A death knight (D:15)
  27 death yaks
  9 boulder beetles
  4 centaur warriors
  An orc high priest (Orc:2)
  An occultist (D:15)
  A tengu warrior (D:15)
  3 demonic crawlers
  A skyshark (Lair:5)
  2 orb spiders (Spider:1)
  2 steelbarb worms
  A deep elf archer (D:13)
  A lindwurm (Lair:5)
  5 orc knights
  3 orc sorcerers
  A phantasmal warrior (D:15)
  An ugly thing (D:13)
  2 harpies (Lair:3)
  An oklob plant (Lair:3)
  A manticore (D:15)
  15 wolf spiders
  10 cyclopes
  A deep elf zephyrmancer (D:13)
  7 elephants
  3 kobold blastminers (Orc:2)
  7 black mambas
  11 cane toads
  3 molten gargoyles (Lair:5)
  3 gargoyles
  6 torpor snails
  2 kobold demonologists
  Maggie (D:10)
  3 freezing wraiths (D:15)
  17 komodo dragons
  3 tengu conjurers (D:15)
  3 red devils (D:12)
  A queen bee (Lair:2)
  A polar bear (Lair:5)
  7 trolls
  4 hornets
  Grinder (D:5)
  4 tarantellas (Spider:1)
  A raiju (shapeshifter) (D:15)
  15 blink frogs
  A centaur simulacrum (D:14)
  6 slime creatures
  Sigmund (D:3)
  6 jumping spiders
  3 water elementals (D:14)
  6 culicivoras
  A shadow (D:7)
  6 wraiths
  A vampire (D:12)
  9 basilisks
  42 yaks
  5 wyverns
  9 wargs
  13 redbacks
  Menkaure (D:4)
  5 steam dragons
  7 vampire mosquitoes
  2 acid dragons
  18 water moccasins
  5 hell hounds (Lair:5)
  26 orc warriors
  3 ice beasts
  A black bear (D:11)
  A sky beast (shapeshifter) (D:13)
  10 ogres
  3 centaurs (D:13)
  A crocodile (D:11)
  11 wolves (Lair:2)
  8 kobold brigands
  14 bullfrogs
  A scorpion (D:6)
  8 wights
  33 killer bees
  2 howler monkeys (D:5)
  2 electric eels (D:14)
  4 hounds
  5 lava snakes (Lair:5)
  A bombardier beetle (D:6)
  3 jellies
  12 orc priests
  7 iguanas
  22 orc wizards
  13 adders
  A shadow imp (D:7)
  3 white imps
  4 ufetubi (D:6)
  10 dart slugs (Sewer)
  50 orcs
  14 ball pythons
  5 bats
  8 endoplasms
  17 giant cockroaches
  11 goblins
  8 hobgoblins
  4 jackals (D:3)
  4 quokkas
  18 frilled lizards
  20 kobolds
  3 rats
742 creatures vanquished.

Vanquished Creatures (others)
  An emperor scorpion (Spider:2)
  An orc warrior (Orc:2)
  An orc priest (Orc:2)
  A goblin (D:3)
  A frilled lizard (D:3)
5 creatures vanquished.

Grand Total: 747 creatures vanquished

Notes
Turn   | Place    | Note
-------+----------+-------------------------------------------
     0 | D:1      | qw the Spriggan Hunter began the quest for the Orb.
     0 | D:1      | Reached XP level 1. HP: 10/10 MP: 2/2
     0 | D:1      | 0 ||| qw: Version: 0.3-a-155-g5e7d8dd
     0 | D:1      | 0 ||| qw: Game counter: 2218
     0 | D:1      | 0 ||| qw: Melee chars always use a shield: true
     0 | D:1      | 0 ||| qw: God list: Okawaru
     0 | D:1      | 0 ||| qw: Allow faded altars: false
     0 | D:1      | 0 ||| qw: Do Orc after clearing Dungeon:15 true
     0 | D:1      | 0 ||| qw: Do second Lair branch before Depths: true
     0 | D:1      | 0 ||| qw: Lair rune preference: random
     0 | D:1      | 0 ||| qw: Goals: Normal
     0 | D:1      | 0 ||| PLANNING D:1-11
     7 | D:1      | Found Bam Mono's Assorted Antiques.
    15 | D:1      | 15 ||| SHOPLISTING bubbling white potion (23 gold, have 6).
    15 | D:1      | 15 ||| SHOPLISTING metallic orange potion (23 gold, have
                  | 6).
    15 | D:1      | 15 ||| SHOPLISTING scroll labelled FENITU JEMP (26 gold,
                  | have 6).
    15 | D:1      | 15 ||| SHOPLISTING scroll labelled GEAMPU WAC ZIO (26 gold,
                  | have 6).
    15 | D:1      | 15 ||| SHOPLISTING scroll labelled ICYNON CEIBUERU (26
                  | gold, have 6).
    15 | D:1      | 15 ||| SHOPLISTING scroll labelled PIUHO SYOL BEE (26 gold,
                  | have 6).
    32 | D:1      | Reached skill level 3 in Dodging
    90 | D:1      | Reached XP level 2. HP: 14/14 MP: 3/3
   212 | D:1      | Reached skill level 4 in Dodging
   233 | D:1      | Noticed a shining eye
   237 | D:1      | Noticed a glass eye
   246 | D:1      | Found a faded altar of an unknown god.
   248 | D:1      | Noticed an eye of devastation
   248 | D:1      | Noticed a golden eye
   848 | D:1      | 848 ||| UPGRADING to +6 ring of strength.
   849 | D:1      | 849 ||| READING scroll labelled NATABB TEPH.
   850 | D:1      | 850 ||| READING scroll labelled OHOURAI AXTO.
   851 | D:1      | 851 ||| READING scroll labelled UBROHUDOOFF.
   851 | D:1      | 851 ||| ENCHANTING +0 shortbow.
   852 | D:1      | 852 ||| READING scroll labelled JIFIMP ILU CUO.
   853 | D:1      | 853 ||| READING scroll labelled FENITU JEMP.
   853 | D:1      | 853 ||| IDENTIFYING fizzy brown potion
   854 | D:1      | 854 ||| DROPPING scroll of butterflies.
   855 | D:1      | 855 ||| DROPPING potion of attraction.
   902 | D:2      | Reached XP level 3. HP: 10/18 MP: 4/4
  1382 | D:2      | 1382 ||| UPGRADING to ring of protection from cold.
  1384 | D:2      | 1384 ||| READING scroll of identify.
  1384 | D:2      | 1384 ||| IDENTIFYING bubbling ruby potion
  1385 | D:2      | 1385 ||| READING scroll labelled QURAAL XIUFE.
  1386 | D:2      | 1386 ||| READING scroll labelled FAONOO KEF FEF.
  1387 | D:2      | 1387 ||| DRINKING 2 yellow potions.
  1388 | D:2      | 1388 ||| DROPPING potion of invisibility.
  1628 | D:3      | Found a shimmering altar of Xom.
  1660 | D:3      | Reached XP level 4. HP: 22/22 MP: 5/5
  1671 | D:3      | Reached skill level 5 in Dodging
  1671 | D:3      | 1671 ||| FLEEEEING.
  1672 | D:3      | 1672 ||| FLEEEEING.
  1673 | D:3      | 1673 ||| FLEEEEING.
  1674 | D:3      | 1674 ||| FLEEEEING.
  1675 | D:3      | 1675 ||| FLEEEEING.
  1676 | D:3      | 1676 ||| FLEEEEING.
  1677 | D:3      | 1677 ||| FLEEEEING.
  1678 | D:3      | 1678 ||| FLEEEEING.
  1679 | D:3      | 1679 ||| FLEEEEING.
  1680 | D:3      | 1680 ||| FLEEEEING.
  1681 | D:3      | 1681 ||| FLEEEEING.
  1682 | D:3      | 1682 ||| FLEEEEING.
  1683 | D:3      | 1683 ||| FLEEEEING.
  1684 | D:3      | 1684 ||| FLEEEEING.
  1685 | D:3      | 1685 ||| FLEEEEING.
  1686 | D:3      | 1686 ||| FLEEEEING.
  1687 | D:3      | 1687 ||| FLEEEEING.
  1688 | D:3      | 1688 ||| FLEEEEING.
  1689 | D:3      | 1689 ||| FLEEEEING.
  1690 | D:3      | 1690 ||| FLEEEEING.
  1691 | D:3      | 1691 ||| FLEEEEING.
  1692 | D:3      | 1692 ||| FLEEEEING.
  1693 | D:3      | 1693 ||| FLEEEEING.
  1694 | D:3      | 1694 ||| FLEEEEING.
  1695 | D:3      | 1695 ||| FLEEEEING.
  1696 | D:3      | 1696 ||| FLEEEEING.
  1697 | D:3      | 1697 ||| FLEEEEING.
  1698 | D:3      | 1698 ||| FLEEEEING.
  1699 | D:3      | 1699 ||| FLEEEEING.
  1700 | D:3      | 1700 ||| FLEEEEING.
  1701 | D:3      | 1701 ||| FLEEEEING.
  1702 | D:3      | 1702 ||| FLEEEEING.
  1705 | D:3      | 1705 ||| FLEEEEING.
  1707 | D:3      | 1707 ||| FLEEEEING.
  1708 | D:3      | 1708 ||| FLEEEEING.
  1709 | D:3      | 1709 ||| FLEEEEING.
  1710 | D:3      | 1710 ||| FLEEEEING.
  1711 | D:3      | 1711 ||| FLEEEEING.
  1712 | D:3      | 1712 ||| FLEEEEING.
  1713 | D:3      | 1713 ||| FLEEEEING.
  1714 | D:3      | 1714 ||| FLEEEEING.
  1715 | D:3      | 1715 ||| FLEEEEING.
  1930 | D:3      | Identified the +5 robe "Picaug" {rC+ Int+2}
  1938 | D:3      | Reached XP level 5. HP: 26/26 MP: 6/6
  1988 | D:3      | Noticed Sigmund
  2014 | D:3      | Killed Sigmund
  2015 | D:3      | Reached skill level 6 in Ranged Weapons
  2015 | D:3      | Reached XP level 6. HP: 17/30 MP: 7/7
  2349 | D:3      | 2349 ||| FLEEEEING.
  2351 | D:3      | 2351 ||| FLEEEEING.
  2352 | D:3      | 2352 ||| FLEEEEING.
  2354 | D:3      | 2354 ||| FLEEEEING.
  2355 | D:3      | 2355 ||| FLEEEEING.
  2380 | D:3      | 2380 ||| FLEEEEING.
  2382 | D:3      | 2382 ||| FLEEEEING.
  2383 | D:3      | 2383 ||| FLEEEEING.
  2385 | D:3      | 2385 ||| FLEEEEING.
  2386 | D:3      | 2386 ||| FLEEEEING.
  2387 | D:3      | 2387 ||| FLEEEEING.
  2389 | D:3      | 2389 ||| FLEEEEING.
  2390 | D:3      | 2390 ||| FLEEEEING.
  2392 | D:3      | 2392 ||| FLEEEEING.
  2476 | D:3      | 2476 ||| UPGRADING to +5 robe "Picaug" {rC+ Int+2}.
  2486 | D:3      | 2486 ||| DROPPING +0 robe.
  2487 | D:3      | 2487 ||| READING scroll labelled PEAFRU QECW.
  2542 | D:3      | 2542 ||| READING scroll labelled VUDUFR OFIWNA.
  2576 | D:4      | 2576 ||| PLANNING SEWER
  2588 | D:4      | 2588 ||| STAIRDANCE
  2681 | D:4      | Reached skill level 6 in Dodging
  2705 | D:4      | Reached XP level 7. HP: 35/35 MP: 8/8
  2790 | D:4      | Noticed Menkaure
  2797 | D:4      | Killed Menkaure
  2798 | D:4      | Reached skill level 7 in Dodging
  3003 | D:4      | Found Ketouz's Armour Emporium.
  3008 | D:4      | 3008 ||| BUYING +0 cloak (45 gold).
  3008 | D:4      | Bought a +0 cloak for 45 gold pieces
  3303 | D:4      | Found a glowing drain.
  3307 | D:4      | 3307 ||| UPGRADING to +0 cloak.
  3312 | D:4      | 3312 ||| READING scroll of enchant armour.
  3312 | D:4      | 3312 ||| ENCHANTING +0 cloak.
  3313 | D:4      | 3313 ||| READING 3 scrolls of identify.
  3313 | D:4      | 3313 ||| IDENTIFYING lumpy golden potion
  3314 | D:4      | 3314 ||| READING 2 scrolls of identify.
  3314 | D:4      | 3314 ||| IDENTIFYING lumpy brown potion
  3315 | D:4      | 3315 ||| READING scroll of identify.
  3315 | D:4      | 3315 ||| IDENTIFYING inky potion
  3316 | D:4      | 3316 ||| READING scroll labelled PIUHO SYOL BEE.
  3316 | D:4      | 3316 ||| ENCHANTING +0 shortbow.
  3317 | D:4      | 3317 ||| READING scroll labelled XUNIUPN RUECUE.
  3318 | D:4      | 3318 ||| READING scroll labelled XIKLYSS AXANI.
  3319 | D:4      | 3319 ||| DROPPING potion of lignification.
  3331 | Sewer    | Entered a sewer
  3569 | Sewer    | Reached skill level 3 in Fighting
  3575 | Sewer    | Reached XP level 8. HP: 40/40 MP: 9/9
  3598 | D:4      | 3598 ||| PLANNING D:1-11
  3668 | D:5      | Entered Level 5 of the Dungeon
  3705 | D:5      | Reached skill level 8 in Dodging
  3845 | D:5      | Found a staircase to the Ecumenical Temple.
  3846 | D:5      | 3846 ||| PLANNING TEMPLE
  3863 | Temple   | Entered the Ecumenical Temple
  3864 | Temple   | 3864 ||| PLANNING OKAWARU WORSHIP
  3896 | Temple   | Became a worshipper of Warmaster Okawaru
  3897 | Temple   | 3897 ||| PLANNING D:1-11
  4098 | D:5      | HP: 9/38 [wight/+0 long sword (13)]
  4104 | D:5      | HP: 3/40 [wight/+0 war axe (3)]
  4111 | D:5      | Reached skill level 9 in Ranged Weapons
  4343 | D:5      | Noticed Grinder
  4344 | D:5      | 4344 ||| DRINKING potion of haste.
  4366 | D:5      | Killed Grinder
  4366 | D:5      | Reached * piety under Okawaru
  4367 | D:5      | Reached skill level 9 in Dodging
  4481 | D:5      | Reached skill level 1 in Invocations
  4521 | D:5      | 4521 ||| UPGRADING to amulet of reflection.
  4583 | D:6      | Found Atyej's General Store.
  4648 | D:6      | 4648 ||| BUYING scroll of identify (30 gold).
  4648 | D:6      | Bought a scroll of identify for 30 gold pieces
  4648 | D:6      | 4648 ||| BUYING scroll of identify (30 gold).
  4648 | D:6      | Bought a scroll of identify for 30 gold pieces
  4648 | D:6      | 4648 ||| BUYING scroll of teleportation (45 gold).
  4648 | D:6      | Bought a scroll of teleportation for 45 gold pieces
  4711 | D:6      | Reached XP level 9. HP: 44/44 MP: 11/11
  5235 | D:6      | Reached skill level 3 in Invocations
  5243 | D:6      | HP: 8/44 [burnt (5)]
  5245 | D:6      | HP: 3/44 [burnt (4)]
  5580 | D:6      | Reached ** piety under Okawaru
  5678 | D:6      | 5678 ||| UPGRADING to +6 ring of dexterity.
  5680 | D:6      | 5680 ||| READING 4 scrolls of identify.
  5680 | D:6      | 5680 ||| IDENTIFYING metallic orange potion
  5681 | D:6      | 5681 ||| READING 3 scrolls of identify.
  5681 | D:6      | 5681 ||| IDENTIFYING red potion
  5682 | D:6      | 5682 ||| DROPPING potion of degeneration.
  5784 | D:7      | Identified the +5 flail of Kitoj {elec, rPois rF+ Will+}
  5904 | D:7      | Found an ornate altar of the Wu Jian Council.
  6056 | D:7      | Reached skill level 10 in Dodging
  6132 | D:7      | Found a glowing silver altar of Zin.
  6538 | D:7      | 6538 ||| DROPPING +1 cloak.
  6558 | D:8      | 6558 ||| STAIRDANCE
  6564 | D:7      | Reached skill level 11 in Dodging
  6693 | D:8      | Reached *** piety under Okawaru
  6735 | D:8      | 6735 ||| Stepping ~*~*~tactically~*~*~ (cloud).
  6784 | D:8      | Found Lajepsat's Lightly-Used Armoury.
  6825 | D:8      | Reached skill level 12 in Dodging
  6825 | D:8      | 6825 ||| BUYING -2 hand cannon (1 gold).
  6825 | D:8      | Bought a -2 hand cannon for 1 gold piece
  6825 | D:8      | 6825 ||| SWAPPING to -2 hand cannon.
  6872 | D:8      | 6872 ||| DROPPING +1 shortbow.
  7637 | D:8      | 7637 ||| UPGRADING to +4 ring of protection.
  7639 | D:8      | 7639 ||| DROPPING +6 ring of strength.
  7640 | D:8      | 7640 ||| DROPPING ring of protection from cold.
  7641 | D:8      | 7641 ||| READING 4 scrolls of identify.
  7641 | D:8      | 7641 ||| IDENTIFYING pink potion
  7661 | D:9      | 7661 ||| RETREEEEATING.
  7662 | D:9      | 7662 ||| RETREEEEATING.
  7663 | D:9      | 7663 ||| RETREEEEATING.
  7664 | D:9      | 7664 ||| RETREEEEATING.
  7665 | D:9      | 7665 ||| RETREEEEATING.
  7666 | D:9      | 7666 ||| RETREEEEATING.
  7668 | D:9      | 7668 ||| INVOKING Heroism.
  7687 | D:9      | Reached XP level 10. HP: 49/49 MP: 14/14
  7743 | D:9      | 7743 ||| Stepping ~*~*~tactically~*~*~ (cloud).
  7789 | D:9      | 7789 ||| RETREEEEATING.
  7794 | D:9      | 7794 ||| RETREEEEATING.
  7800 | D:9      | 7800 ||| INVOKING Heroism.
  7811 | D:9      | Reached **** piety under Okawaru
  8039 | D:9      | Found a basalt altar of Yredelemnul.
  8138 | D:9      | Noticed an ice statue
  8139 | D:9      | 8139 ||| INVOKING Finesse.
  8154 | D:9      | 8154 ||| FLEEEEING.
  8155 | D:9      | 8155 ||| FLEEEEING.
  8156 | D:9      | 8156 ||| FLEEEEING.
  8157 | D:9      | 8157 ||| FLEEEEING.
  8158 | D:9      | 8158 ||| FLEEEEING.
  8159 | D:9      | 8159 ||| FLEEEEING.
  8160 | D:9      | 8160 ||| FLEEEEING.
  8161 | D:9      | 8161 ||| FLEEEEING.
  8162 | D:9      | 8162 ||| FLEEEEING.
  8163 | D:9      | 8163 ||| FLEEEEING.
  8164 | D:9      | 8164 ||| FLEEEEING.
  8500 | D:9      | 8500 ||| READING 4 scrolls of identify.
  8500 | D:9      | 8500 ||| IDENTIFYING sedimented purple potion
  8501 | D:9      | 8501 ||| READING 3 scrolls of identify.
  8501 | D:9      | 8501 ||| IDENTIFYING 2 scrolls labelled DIRULE LUKI
  8502 | D:9      | 8502 ||| DROPPING 2 scrolls of amnesia.
  8527 | D:10     | Entered Level 10 of the Dungeon
  8528 | D:10     | 8528 ||| RETREEEEATING.
  8529 | D:10     | 8529 ||| RETREEEEATING.
  8530 | D:10     | 8530 ||| RETREEEEATING.
  8532 | D:10     | 8532 ||| RETREEEEATING.
  8592 | D:10     | Reached ***** piety under Okawaru
  8593 | D:10     | Reached skill level 13 in Dodging
  8621 | D:10     | Found Saggor's Armour Boutique.
  8655 | D:10     | 8655 ||| RETREEEEATING.
  8656 | D:10     | 8656 ||| RETREEEEATING.
  8657 | D:10     | 8657 ||| RETREEEEATING.
  8658 | D:10     | 8658 ||| RETREEEEATING.
  8659 | D:10     | 8659 ||| INVOKING Finesse.
  8669 | D:10     | Reached skill level 6 in Invocations
  8918 | D:10     | Noticed Maggie
  8920 | D:10     | 8920 ||| ZAPPING wand of light (21) at -5,0 (Maggie;
                  | floor).
  8921 | D:10     | 8921 ||| ZAPPING wand of light (20) at -4,0 (Maggie;
                  | floor).
  8922 | D:10     | 8922 ||| INVOKING Finesse.
  8929 | D:10     | Killed Maggie
  8935 | D:10     | Reached XP level 11. HP: 50/53 MP: 12/17
  8978 | D:10     | 8978 ||| RETREEEEATING.
  9431 | D:10     | 9431 ||| READING 3 scrolls of identify.
  9431 | D:10     | 9431 ||| IDENTIFYING scroll labelled ZOINIUQATWE
  9432 | D:10     | 9432 ||| READING scroll of brand weapon.
  9432 | D:10     | 9432 ||| BRANDING -2 hand cannon.
  9496 | D:11     | Reached skill level 12 in Ranged Weapons
  9496 | D:11     | Noticed a death yak
  9498 | D:11     | 9498 ||| RETREEEEATING.
  9499 | D:11     | 9499 ||| RETREEEEATING.
  9500 | D:11     | 9500 ||| RETREEEEATING.
  9501 | D:11     | 9501 ||| RETREEEEATING.
  9502 | D:11     | 9502 ||| RETREEEEATING.
  9503 | D:11     | 9503 ||| RETREEEEATING.
  9504 | D:11     | 9504 ||| RETREEEEATING.
  9505 | D:11     | 9505 ||| RETREEEEATING.
  9506 | D:11     | 9506 ||| RETREEEEATING.
  9507 | D:11     | 9507 ||| RETREEEEATING.
  9508 | D:11     | 9508 ||| RETREEEEATING.
  9509 | D:11     | 9509 ||| RETREEEEATING.
  9510 | D:11     | 9510 ||| RETREEEEATING.
  9511 | D:11     | 9511 ||| RETREEEEATING.
  9512 | D:11     | 9512 ||| INVOKING Finesse.
  9519 | D:11     | Killed a death yak
  9533 | D:11     | 9533 ||| INVOKING Heroism.
  9666 | D:11     | Received a gift from Okawaru
  9680 | D:11     | Found a staircase to the Orcish Mines.
  9705 | D:11     | 9705 ||| RETREEEEATING.
  9818 | D:11     | Noticed a two-headed ogre
  9819 | D:11     | 9819 ||| INVOKING Finesse.
  9819 | D:11     | Noticed Fannar
  9826 | D:11     | Killed a two-headed ogre
  9827 | D:11     | Reached skill level 14 in Dodging
  9839 | D:11     | Killed Fannar
  9840 | D:11     | Reached skill level 9 in Invocations
  9919 | D:11     | 9919 ||| DRINKING 2 potions of cancellation.
  9934 | D:11     | 9934 ||| READING scroll of enchant weapon.
  9934 | D:11     | 9934 ||| ENCHANTING -2 heavy hand cannon.
 10085 | D:11     | Found a staircase to the Lair.
 10279 | D:11     | 10279 ||| PLANNING LAIR
 10279 | D:11     | 10279 ||| READING 5 scrolls of identify.
 10279 | D:11     | 10279 ||| IDENTIFYING fuming green potion
 10280 | D:11     | 10280 ||| READING 4 scrolls of identify.
 10280 | D:11     | 10280 ||| IDENTIFYING scroll labelled ICYNON CEIBUERU
 10281 | D:11     | 10281 ||| READING 3 scrolls of identify.
 10281 | D:11     | 10281 ||| IDENTIFYING scroll labelled GEAMPU WAC ZIO
 10282 | D:11     | 10282 ||| DROPPING scroll of immolation.
 10283 | D:11     | 10283 ||| DROPPING scroll of silence.
 10284 | D:11     | 10284 ||| DROPPING potion of ambrosia.
 10307 | Lair:1   | Entered Level 1 of the Lair of Beasts
 10321 | Lair:1   | Received a gift from Okawaru
 10359 | Lair:1   | Noticed a boulder beetle
 10360 | Lair:1   | 10360 ||| INVOKING Finesse.
 10363 | Lair:1   | Killed a boulder beetle
 10441 | Lair:1   | HP: 12/55 [poisoned by a cane toad]
 10442 | Lair:1   | 10442 ||| DRINKING 6 potions of curing.
 10442 | Lair:1   | 10442 ||| (to cure poison)
 10691 | Lair:1   | HP: 10/55 [komodo dragon (21)]
 10692 | Lair:1   | 10692 ||| READING 7 scrolls of teleportation.
 10693 | Lair:1   | 10693 ||| DRINKING 2 potions of heal wounds.
 10696 | Lair:1   | Reached XP level 12. HP: 48/60 MP: 20/20
 10724 | Lair:1   | 10724 ||| INVOKING Finesse.
 10774 | Lair:1   | 10774 ||| INVOKING Finesse.
 10776 | Lair:1   | 10776 ||| RETREEEEATING.
 10777 | Lair:1   | 10777 ||| RETREEEEATING.
 10778 | Lair:1   | 10778 ||| RETREEEEATING.
 10779 | Lair:1   | 10779 ||| RETREEEEATING.
 10780 | Lair:1   | 10780 ||| RETREEEEATING.
 10781 | Lair:1   | 10781 ||| RETREEEEATING.
 10782 | Lair:1   | 10782 ||| RETREEEEATING.
 10783 | Lair:1   | 10783 ||| RETREEEEATING.
 10785 | Lair:1   | 10785 ||| RETREEEEATING.
 10791 | Lair:1   | Reached skill level 15 in Dodging
 10890 | Lair:1   | 10890 ||| RETREEEEATING.
 10891 | Lair:1   | 10891 ||| RETREEEEATING.
 10892 | Lair:1   | 10892 ||| RETREEEEATING.
 10893 | Lair:1   | 10893 ||| RETREEEEATING.
 10894 | Lair:1   | 10894 ||| RETREEEEATING.
 10895 | Lair:1   | 10895 ||| RETREEEEATING.
 10896 | Lair:1   | 10896 ||| RETREEEEATING.
 10897 | Lair:1   | 10897 ||| RETREEEEATING.
 10898 | Lair:1   | 10898 ||| RETREEEEATING.
 10984 | Lair:1   | 10984 ||| RETREEEEATING.
 10986 | Lair:1   | 10986 ||| RETREEEEATING.
 10988 | Lair:1   | 10988 ||| RETREEEEATING.
 10989 | Lair:1   | 10989 ||| RETREEEEATING.
 10991 | Lair:1   | 10991 ||| RETREEEEATING.
 10992 | Lair:1   | 10992 ||| RETREEEEATING.
 10993 | Lair:1   | 10993 ||| RETREEEEATING.
 11294 | Lair:1   | 11294 ||| DROPPING amulet of guardian spirit.
 11295 | Lair:1   | 11295 ||| DROPPING +4 ring of slaying {mikee}.
 11296 | Lair:1   | 11296 ||| DROPPING ring of flight.
 11320 | Lair:2   | Noticed a catoblepas
 11321 | Lair:2   | 11321 ||| INVOKING Finesse.
 11325 | Lair:2   | Killed a catoblepas
 11503 | Lair:2   | 11503 ||| RETREEEEATING.
 11505 | Lair:2   | 11505 ||| RETREEEEATING.
 11506 | Lair:2   | 11506 ||| RETREEEEATING.
 11507 | Lair:2   | 11507 ||| RETREEEEATING.
 11509 | Lair:2   | 11509 ||| RETREEEEATING.
 11549 | Lair:2   | 11549 ||| RETREEEEATING.
 11550 | Lair:2   | 11550 ||| RETREEEEATING.
 11551 | Lair:2   | 11551 ||| RETREEEEATING.
 11552 | Lair:2   | 11552 ||| RETREEEEATING.
 11678 | Lair:2   | 11678 ||| RETREEEEATING.
 11683 | Lair:2   | 11683 ||| RETREEEEATING.
 11684 | Lair:2   | 11684 ||| RETREEEEATING.
 11685 | Lair:2   | 11685 ||| RETREEEEATING.
 11686 | Lair:2   | 11686 ||| RETREEEEATING.
 11687 | Lair:2   | 11687 ||| RETREEEEATING.
 11694 | Lair:2   | Reached skill level 16 in Dodging
 11795 | Lair:2   | 11795 ||| RETREEEEATING.
 11798 | Lair:2   | 11798 ||| INVOKING Finesse.
 11897 | Lair:2   | 11897 ||| RETREEEEATING.
 11899 | Lair:2   | 11899 ||| RETREEEEATING.
 11924 | Lair:2   | Received a gift from Okawaru
 12409 | Lair:3   | Reached skill level 6 in Fighting
 12555 | Lair:3   | Found a staircase to the Shoals.
 12611 | Lair:3   | Noticed an eight-headed hydra
 12612 | Lair:3   | 12612 ||| INVOKING Finesse.
 12615 | Lair:3   | Killed an eight-headed hydra
 12646 | Lair:3   | 12646 ||| READING scroll of enchant armour.
 12646 | Lair:3   | 12646 ||| ENCHANTING +1 cloak.
 12686 | Lair:3   | Noticed Josephine
 12687 | Lair:3   | 12687 ||| INVOKING Finesse.
 12691 | Lair:3   | Reached XP level 13. HP: 65/65 MP: 15/21
 12692 | Lair:3   | Killed Josephine
 12693 | Lair:3   | Reached skill level 17 in Dodging
 13128 | Lair:3   | 13128 ||| RETREEEEATING.
 13129 | Lair:3   | 13129 ||| RETREEEEATING.
 13130 | Lair:3   | 13130 ||| RETREEEEATING.
 13463 | Lair:3   | Found a hole to the Spider Nest.
 13811 | Lair:3   | 13811 ||| DROPPING amulet of magic regeneration.
 13871 | Lair:4   | 13871 ||| INVOKING Finesse.
 13873 | Lair:4   | 13873 ||| RETREEEEATING.
 13874 | Lair:4   | 13874 ||| RETREEEEATING.
 13875 | Lair:4   | 13875 ||| RETREEEEATING.
 13876 | Lair:4   | 13876 ||| RETREEEEATING.
 13877 | Lair:4   | 13877 ||| RETREEEEATING.
 13878 | Lair:4   | 13878 ||| RETREEEEATING.
 13879 | Lair:4   | 13879 ||| RETREEEEATING.
 13889 | Lair:4   | Received a gift from Okawaru
 13891 | Lair:4   | Reached skill level 15 in Ranged Weapons
 14107 | Lair:4   | 14107 ||| INVOKING Finesse.
 14404 | Lair:4   | 14404 ||| RETREEEEATING.
 14407 | Lair:4   | 14407 ||| RETREEEEATING.
 14408 | Lair:4   | 14408 ||| RETREEEEATING.
 14409 | Lair:4   | 14409 ||| RETREEEEATING.
 14410 | Lair:4   | 14410 ||| RETREEEEATING.
 14411 | Lair:4   | 14411 ||| RETREEEEATING.
 14413 | Lair:4   | 14413 ||| RETREEEEATING.
 14415 | Lair:4   | Reached skill level 18 in Dodging
 14429 | Lair:4   | Received a gift from Okawaru
 14430 | Lair:4   | Reached skill level 1 in Armour
 14430 | Lair:4   | 14430 ||| INVOKING Finesse.
 14508 | Lair:4   | 14508 ||| INVOKING Finesse.
 14874 | Lair:4   | 14874 ||| DROPPING ring of resist corrosion.
 14910 | Lair:5   | Entered Level 5 of the Lair of Beasts
 14929 | Lair:5   | 14929 ||| RETREEEEATING.
 14930 | Lair:5   | 14930 ||| RETREEEEATING.
 14931 | Lair:5   | 14931 ||| RETREEEEATING.
 14934 | Lair:5   | Received a gift from Okawaru
 14936 | Lair:5   | 14936 ||| INVOKING Finesse.
 15010 | Lair:5   | 15010 ||| INVOKING Finesse.
 15020 | Lair:5   | Reached XP level 14. HP: 45/72 MP: 17/22
 15239 | Lair:5   | 15239 ||| RETREEEEATING.
 15241 | Lair:5   | 15241 ||| RETREEEEATING.
 15245 | Lair:5   | 15245 ||| RETREEEEATING.
 15246 | Lair:5   | 15246 ||| RETREEEEATING.
 15247 | Lair:5   | 15247 ||| RETREEEEATING.
 15250 | Lair:5   | 15250 ||| RETREEEEATING.
 15251 | Lair:5   | 15251 ||| RETREEEEATING.
 15252 | Lair:5   | 15252 ||| RETREEEEATING.
 15253 | Lair:5   | 15253 ||| RETREEEEATING.
 15254 | Lair:5   | 15254 ||| RETREEEEATING.
 15255 | Lair:5   | 15255 ||| RETREEEEATING.
 15270 | Lair:5   | 15270 ||| INVOKING Finesse.
 15271 | Lair:5   | 15271 ||| INVOKING Heroism.
 15272 | Lair:5   | Received a gift from Okawaru
 15342 | Lair:5   | Reached skill level 19 in Dodging
 15445 | Lair:5   | Found a viscous altar of Jiyva.
 15445 | Lair:5   | Found a staircase to the Slime Pits.
 15480 | Lair:5   | 15480 ||| RETREEEEATING.
 15482 | Lair:5   | 15482 ||| RETREEEEATING.
 15483 | Lair:5   | 15483 ||| RETREEEEATING.
 15484 | Lair:5   | 15484 ||| RETREEEEATING.
 15485 | Lair:5   | 15485 ||| RETREEEEATING.
 15487 | Lair:5   | 15487 ||| RETREEEEATING.
 15556 | Lair:5   | 15556 ||| RETREEEEATING.
 15558 | Lair:5   | 15558 ||| RETREEEEATING.
 15559 | Lair:5   | 15559 ||| RETREEEEATING.
 15560 | Lair:5   | 15560 ||| RETREEEEATING.
 15562 | Lair:5   | 15562 ||| INVOKING Finesse.
 15623 | Lair:5   | Received a gift from Okawaru
 15981 | Lair:5   | 15981 ||| INVOKING Finesse.
 15995 | Lair:5   | Reached skill level 20 in Dodging
 16003 | Lair:5   | Received a gift from Okawaru
 16052 | Lair:5   | Found a large runed translucent door.
 16052 | Lair:5   | Found a large runed translucent door.
 16276 | Lair:5   | 16276 ||| PLANNING D
 16276 | Lair:5   | 16276 ||| READING 6 scrolls of identify.
 16276 | Lair:5   | 16276 ||| IDENTIFYING sedimented ruby potion
 16277 | Lair:5   | 16277 ||| READING 5 scrolls of identify.
 16277 | Lair:5   | 16277 ||| IDENTIFYING coppery potion
 16278 | Lair:5   | 16278 ||| READING 4 scrolls of identify.
 16278 | Lair:5   | 16278 ||| IDENTIFYING scroll labelled RIENAT SOWKU
 16361 | Lair:5   | 16361 ||| DROPPING scroll of vulnerability.
 16723 | D:12     | Found a runed translucent gate.
 16724 | D:12     | Found a runed translucent gate.
 16724 | D:12     | Noticed qw's ghost (journeyman SpHu)
 16724 | D:12     | Identified the +7 orcbow of Hospitality {flame, Str+3 Int+3
                  | Dex+2}
 16725 | D:12     | Found a runed translucent gate.
 16728 | D:12     | Identified the +3 plate armour "Qawanikh" {Will+}
 16814 | D:12     | 16814 ||| INVOKING Finesse.
 17094 | D:12     | Found Husull's Jewellery Boutique.
 17096 | D:12     | 17096 ||| BUYING +6 ring of dexterity (576 gold).
 17096 | D:12     | Bought a +6 ring of dexterity for 576 gold pieces
 17096 | D:12     | 17096 ||| SHOPLISTING amulet of faith (640 gold, have 284).
 17096 | D:12     | 17096 ||| SHOPLISTING ring of Plog {MP-9 Dex+3 Slay+4 SInv}
                  | (1248 gold, have 284).
 17096 | D:12     | 17096 ||| SHOPLISTING ring of Uguq {*Slow rElec rPois AC+4
                  | Dex+4} (912 gold, have 284).
 17314 | D:12     | Received a gift from Okawaru
 17536 | D:12     | 17536 ||| DROPPING ring of fire.
 17537 | D:12     | 17537 ||| UPGRADING to +6 ring of dexterity.
 17539 | D:12     | 17539 ||| DROPPING +4 ring of protection.
 17781 | D:13     | Noticed Nessos
 17783 | D:13     | 17783 ||| INVOKING Finesse.
 17787 | D:13     | Killed Nessos
 17788 | D:13     | Reached XP level 15. HP: 27/75 MP: 17/23
 18279 | D:13     | 18279 ||| RETREEEEATING.
 18280 | D:13     | 18280 ||| RETREEEEATING.
 18281 | D:13     | 18281 ||| RETREEEEATING.
 18282 | D:13     | 18282 ||| RETREEEEATING.
 18283 | D:13     | 18283 ||| RETREEEEATING.
 18284 | D:13     | 18284 ||| RETREEEEATING.
 18285 | D:13     | 18285 ||| RETREEEEATING.
 18287 | D:13     | 18287 ||| RETREEEEATING.
 18288 | D:13     | 18288 ||| RETREEEEATING.
 18295 | D:13     | 18295 ||| RETREEEEATING.
 18427 | D:13     | Reached skill level 21 in Dodging
 18460 | D:13     | Found a gate to the Vaults.
 18509 | D:13     | 18509 ||| READING scroll of enchant weapon.
 18509 | D:13     | 18509 ||| ENCHANTING -1 heavy hand cannon.
 18708 | D:13     | 18708 ||| READING 9 scrolls of identify.
 18708 | D:13     | 18708 ||| IDENTIFYING bubbling white potion
 19004 | D:14     | Identified the maw talisman "Fesmata" {rCorr Slay+4}
 19070 | D:14     | Received a gift from Okawaru
 19277 | D:14     | Found a portal to a secret trove of treasure.
 19389 | D:14     | Identified the +9 flail "Death Rattle" {freeze, rPois Will+
                  | Str-3 Stlth+}
 19659 | D:15     | Entered Level 15 of the Dungeon
 19660 | D:15     | 19660 ||| STAIRDANCE
 19699 | D:15     | 19699 ||| STAIRDANCE
 19710 | D:15     | 19710 ||| RETREEEEATING.
 19712 | D:15     | 19712 ||| INVOKING Finesse.
 19727 | D:15     | Reached skill level 22 in Dodging
 19734 | D:15     | Reached skill level 18 in Ranged Weapons
 19735 | D:15     | 19735 ||| RETREEEEATING.
 19742 | D:15     | 19742 ||| RETREEEEATING.
 19743 | D:15     | 19743 ||| RETREEEEATING.
 19744 | D:15     | 19744 ||| RETREEEEATING.
 19745 | D:15     | 19745 ||| INVOKING Finesse.
 20019 | D:15     | Found a staircase to the Depths.
 20198 | D:15     | 20198 ||| PLANNING ORC
 20294 | Orc:1    | Entered Level 1 of the Orcish Mines
 20459 | Orc:1    | 20459 ||| RETREEEEATING.
 20460 | Orc:1    | 20460 ||| RETREEEEATING.
 20461 | Orc:1    | 20461 ||| RETREEEEATING.
 20462 | Orc:1    | 20462 ||| RETREEEEATING.
 20463 | Orc:1    | 20463 ||| RETREEEEATING.
 20464 | Orc:1    | 20464 ||| RETREEEEATING.
 20465 | Orc:1    | 20465 ||| RETREEEEATING.
 20466 | Orc:1    | 20466 ||| RETREEEEATING.
 20467 | Orc:1    | 20467 ||| RETREEEEATING.
 20468 | Orc:1    | 20468 ||| RETREEEEATING.
 20469 | Orc:1    | 20469 ||| RETREEEEATING.
 20470 | Orc:1    | 20470 ||| RETREEEEATING.
 20471 | Orc:1    | 20471 ||| RETREEEEATING.
 20472 | Orc:1    | 20472 ||| RETREEEEATING.
 20473 | Orc:1    | 20473 ||| RETREEEEATING.
 20474 | Orc:1    | 20474 ||| RETREEEEATING.
 20477 | Orc:1    | 20477 ||| RETREEEEATING.
 20479 | Orc:1    | 20479 ||| RETREEEEATING.
 20480 | Orc:1    | 20480 ||| INVOKING Finesse.
 20480 | Orc:1    | Noticed Erica
 20487 | Orc:1    | 20487 ||| RETREEEEATING.
 20488 | Orc:1    | 20488 ||| RETREEEEATING.
 20489 | Orc:1    | 20489 ||| RETREEEEATING.
 20490 | Orc:1    | 20490 ||| RETREEEEATING.
 20491 | Orc:1    | 20491 ||| RETREEEEATING.
 20492 | Orc:1    | 20492 ||| RETREEEEATING.
 20493 | Orc:1    | 20493 ||| RETREEEEATING.
 20494 | Orc:1    | 20494 ||| RETREEEEATING.
 20495 | Orc:1    | 20495 ||| RETREEEEATING.
 20496 | Orc:1    | 20496 ||| RETREEEEATING.
 20498 | Orc:1    | 20498 ||| RETREEEEATING.
 20499 | Orc:1    | 20499 ||| RETREEEEATING.
 20500 | Orc:1    | 20500 ||| RETREEEEATING.
 20501 | Orc:1    | 20501 ||| RETREEEEATING.
 20507 | Orc:1    | Killed Erica
 20538 | Orc:1    | Received a gift from Okawaru
 20827 | Orc:2    | Entered Level 2 of the Orcish Mines
 20873 | Orc:2    | 20873 ||| RETREEEEATING.
 20874 | Orc:2    | 20874 ||| RETREEEEATING.
 20878 | Orc:2    | 20878 ||| ZAPPING wand of light (24) at -5,-2 (orc
                  | sorcerer; floor).
 20879 | Orc:2    | 20879 ||| ZAPPING wand of light (23) at -4,-1 (orc
                  | sorcerer; floor).
 20880 | Orc:2    | 20880 ||| ZAPPING wand of light (22) at -4,-1 (orc
                  | sorcerer; floor).
 20881 | Orc:2    | 20881 ||| ZAPPING wand of light (21) at -4,0 (orc sorcerer;
                  | floor).
 20882 | Orc:2    | 20882 ||| ZAPPING wand of light (20) at -3,-1 (orc
                  | sorcerer; floor).
 20883 | Orc:2    | 20883 ||| ZAPPING wand of light (19) at -3,0 (orc sorcerer;
                  | floor).
 20884 | Orc:2    | 20884 ||| ZAPPING wand of light (18) at -2,0 (orc sorcerer;
                  | floor).
 20885 | Orc:2    | 20885 ||| INVOKING Finesse.
 20961 | Orc:2    | Found Fuda Tie's Antique Armour Shop.
 20974 | Orc:2    | 20974 ||| BUYING runed robe (144 gold).
 20974 | Orc:2    | Bought a runed robe for 144 gold pieces
 20974 | Orc:2    | 20974 ||| BUYING spiked robe (222 gold).
 20974 | Orc:2    | Bought a spiked robe for 222 gold pieces
 20974 | Orc:2    | Identified the +1 robe of the Solstice {Rampage Dex+2} (You
                  | bought it in a shop on level 2 of the Orcish Mines)
 21190 | Orc:2    | 21190 ||| DROPPING +0 robe of willpower.
 21191 | Orc:2    | 21191 ||| DROPPING +1 robe of the Solstice {Rampage Dex+2}.
 21211 | Orc:2    | Reached skill level 23 in Dodging
 21273 | Orc:2    | Found Seafod's Jewellery Shop.
 21413 | Orc:2    | Found a staircase to the Elven Halls.
 21707 | Orc:2    | Found Pym Xuidirgh's Antique Weapon Shop.
 21722 | Orc:2    | Found Abodoss's General Store.
 21730 | Orc:2    | 21730 ||| BUYING wand of iceblast (5) (156 gold).
 21730 | Orc:2    | Bought a wand of iceblast (5) for 156 gold pieces
 21730 | Orc:2    | 21730 ||| PLANNING SPIDER:1-3
 21946 | Spider:1 | Entered Level 1 of the Spider Nest
 21952 | Spider:1 | 21952 ||| RETREEEEATING.
 21953 | Spider:1 | 21953 ||| STAIRDANCE
 21999 | Spider:1 | 21999 ||| STAIRDANCE
 22012 | Spider:1 | 22012 ||| STAIRDANCE
 22014 | Lair:3   | 22014 ||| RETREEEEATING.
 22015 | Lair:3   | 22015 ||| RETREEEEATING.
 22016 | Lair:3   | 22016 ||| RETREEEEATING.
 22017 | Lair:3   | 22017 ||| RETREEEEATING.
 22018 | Lair:3   | 22018 ||| RETREEEEATING.
 22019 | Lair:3   | 22019 ||| RETREEEEATING.
 22020 | Lair:3   | 22020 ||| RETREEEEATING.
 22021 | Lair:3   | 22021 ||| RETREEEEATING.
 22022 | Lair:3   | 22022 ||| RETREEEEATING.
 22028 | Lair:3   | 22028 ||| RETREEEEATING.
 22035 | Lair:3   | 22035 ||| INVOKING Finesse.
 22037 | Lair:3   | Received a gift from Okawaru
 22277 | Spider:1 | 22277 ||| RETREEEEATING.
 22278 | Spider:1 | 22278 ||| RETREEEEATING.
 22280 | Spider:1 | 22280 ||| RETREEEEATING.
 22282 | Spider:1 | Noticed Mlioglotl
 22283 | Spider:1 | 22283 ||| INVOKING Finesse.
 22287 | Spider:1 | 22287 ||| RETREEEEATING.
 22288 | Spider:1 | 22288 ||| RETREEEEATING.
 22288 | Spider:1 | Noticed a hellephant
 22289 | Spider:1 | 22289 ||| RETREEEEATING.
 22290 | Spider:1 | 22290 ||| DRINKING potion of resistance.
 22291 | Spider:1 | 22291 ||| RETREEEEATING.
 22292 | Spider:1 | 22292 ||| RETREEEEATING.
 22295 | Spider:1 | 22295 ||| RETREEEEATING.
 22304 | Spider:1 | Killed Mlioglotl
 22305 | Spider:1 | Reached XP level 16. HP: 81/81 MP: 20/24
 22332 | Spider:1 | Reached skill level 24 in Dodging
 22386 | Spider:1 | 22386 ||| RETREEEEATING.
 22387 | Spider:1 | 22387 ||| RETREEEEATING.
 22389 | Spider:1 | 22389 ||| RETREEEEATING.
 22391 | Spider:1 | 22391 ||| RETREEEEATING.
 22393 | Spider:1 | 22393 ||| RETREEEEATING.
 22395 | Spider:1 | 22395 ||| RETREEEEATING.
 22692 | Spider:1 | 22692 ||| READING 11 scrolls of identify.
 22692 | Spider:1 | 22692 ||| IDENTIFYING sapphire potion
 22693 | Spider:1 | 22693 ||| DROPPING potion of brilliance.
 22717 | Spider:2 | 22717 ||| STAIRDANCE
 22721 | Spider:2 | 22721 ||| STAIRDANCE
 22736 | Spider:2 | 22736 ||| STAIRDANCE
 22738 | Spider:1 | 22738 ||| DRINKING 9 potions of curing.
 22738 | Spider:1 | 22738 ||| (to cure bad poison)
 22742 | Spider:1 | HP: 18/81 [poisoned by a redback]
 22743 | Spider:1 | 22743 ||| READING 11 scrolls of teleportation.
 22744 | Spider:1 | 22744 ||| DRINKING 3 potions of heal wounds.
 22760 | Spider:1 | 22760 ||| FLEEEEING.
 22980 | Spider:2 | 22980 ||| STAIRDANCE
 22986 | Spider:2 | 22986 ||| STAIRDANCE
 22994 | Spider:2 | 22994 ||| STAIRDANCE
 23001 | Spider:2 | 23001 ||| STAIRDANCE
 23089 | Spider:2 | 23089 ||| INVOKING Finesse.
 23149 | Spider:2 | 23149 ||| RETREEEEATING.
 23150 | Spider:2 | 23150 ||| RETREEEEATING.
 23151 | Spider:2 | 23151 ||| RETREEEEATING.
 23153 | Spider:2 | 23153 ||| RETREEEEATING.
 23157 | Spider:2 | 23157 ||| RETREEEEATING.
 23159 | Spider:2 | 23159 ||| RETREEEEATING.
 23160 | Spider:2 | 23160 ||| RETREEEEATING.
 23161 | Spider:2 | 23161 ||| RETREEEEATING.
 23162 | Spider:2 | 23162 ||| RETREEEEATING.
 23163 | Spider:2 | 23163 ||| INVOKING Finesse.
 23182 | Spider:2 | Blown up by an orb spider

Levels and vault maps discovered:
D:1:      saegor_arrival_simple_a, layout_basic, serial_shops, shop,
          hellmonk_ecumenical_altar_watching_god
D:2:      layout_rooms, mrwooster_statue_mirror, nrook_loot_triangle
D:3:      layout_basic, xom_confusion_cloud, uniq_sigmund
D:4:      layout_basic, gup_sewer_entry_pipe, serial_shops,
          nicolae_shop_hallway_stairs, uniq_menkaure
D:5:      layout_basic, minmay_temple_entry_stoned_glass, uniq_grinder
D:6:      layout_basic, serial_shops, shop
D:7:      minmay_angry_zag, layout_basic, mainiacjoe_overflow_catwalk,
          pdpol_wu_jian_five_deadly_venoms
D:8:      layout_basic, minmay_shop_damaged, st_stairs_9
D:9:      minmay_statue_hallways, layout_basic, lemuel_round_altar
D:10:     layout_irregular_city, serial_shops, shop, grunt_decor_fettered,
          uniq_maggie
D:11:     layout_cross, david_lair_generic, david_orc_1_choice,
          minmay_lizard_king, uniq_fannar
D:12:     layout_roguey, biasface_ghost_orc_armoury, serial_shops,
          nicolae_shop_gaudy_bauble, einodemon_armed_red_devil_minivault
D:13:     layout_basic, hangedman_vaults_entry_quadrant_bands,
          due_unseen_surprise, uniq_nessos
D:14:     layout_stronghold, nrook_mini_backslash, nicolae_trove_entry_isolated,
          serial_bayou_lake_a
D:15:     hangedman_depths_entry_civil_slaughter, layout_rooms, minivault_27
Temple:   dpeg_five_rooms_temple
Lair:1:   layout_regular_city
Lair:2:   layout_cave_pods, special_room [special_room_bee],
          small_statue_intersection, chequers_serial_rivers_small_a,
          infiniplex_staircase_pool_2
Lair:3:   layout_cave_pods, nicolae_shoals_entry_roost,
          spider_nest_entry_funnel_web, serial_forest, infiniplex_forest_end_2,
          infiniplex_forest_lined_corner, infiniplex_forest_lined_3,
          infiniplex_forest_end_double, infiniplex_forest_end_2,
          infiniplex_forest_end_3, infiniplex_forest_end_2, hibernation_bobbens,
          uniq_josephine
Lair:4:   layout_hall_layers, grunt_megastairs_1, infiniplex_staircase_pool
Lair:5:   cheibrodos_lair_end_hotspot, layout_gridlike,
          dpeg_slime_entry_enclosed
Spider:1: layout_spider_delve, uniq_mlioglotl
Spider:2: layout_spider_delve, nicolae_spider_undead_wolf_pack, uniq_arachne,
          uniq_roxanne, uniq_aizul
Orc:1:    layout_caves, basic_altar, uniq_erica
Orc:2:    grunt_orc_cross, layout_diamond_mine

Skill      XL: |  1  2  3  4  5  6  7  8  9 10 11 12 13 14 15 16 |
---------------+-------------------------------------------------+-----
Dodging        | 3 4 5 6 7 9 12 13 14 16 18 20 23 24 | 24.0
Ranged Weapons | 5 6 7 8 9 10 11 12 14 16 17 18 | 18.8
Fighting       | 2 3 4 5 6 7 8 |  8.0
Invocations    | 2 4 7 10 | 10.0
Armour         | 1 |  1.1
Stealth        | |  1.5

Action                     |  1- 3 |  4- 6 |  7- 9 | 10-12 | 13-15 | 16-18 || total
---------------------------+-------+-------+-------+-------+-------+-------++-------
   Fire: Shortbow          |   100 |   140 |   553 |       |       |       ||   793
         Hand cannon       |       |       |    24 |   497 |   849 |   104 ||  1474
 Invoke: Heroism           |       |       |     1 |     2 |     1 |       ||     4
         Finesse           |       |       |       |    12 |    17 |     2 ||    31
  Evoke: Wand              |       |       |       |     2 |     7 |       ||     9
    Use: Scroll            |     8 |     2 |    10 |    10 |     5 |     2 ||    37
         Potion            |     1 |       |     1 |     3 |     1 |     2 ||     8
 Armour: Robe              |     4 |    21 |    43 |    76 |    93 |    21 ||   258
  Dodge: Dodged            |    25 |   101 |   307 |   637 |   846 |   224 ||  2140
  Block: Other             |       |       |    40 |   105 |   120 |    23 ||   288
         Reflection        |       |       |       |     2 |     8 |       ||    10

Table legend:
 A = Non-vault XP
 B = Vault XP
 C = Vault XP percentage of total XP
 D = Non-vault monster count
 E = Vault monster count
 F = Vault count percentage of total count
                 A         B        C        D         E       F
            +---------+---------+-------+---------+---------+-------
      Total |  128745 |   43188 |  25.1 |     518 |     227 |  30.5
            +---------+---------+-------+---------+---------+-------
        D:1 |      30 |       0 |   0.0 |      19 |       0 |   0.0
        D:2 |      48 |       0 |   0.0 |      14 |       0 |   0.0
        D:3 |     207 |     257 |  55.4 |      25 |       9 |  26.5
        D:4 |     408 |     182 |  30.8 |      21 |       6 |  22.2
        D:5 |     761 |     281 |  27.0 |      16 |       1 |   5.9
        D:6 |     639 |       0 |   0.0 |      14 |       0 |   0.0
        D:7 |     385 |     589 |  60.5 |       9 |       5 |  35.7
        D:8 |     690 |      66 |   8.7 |      14 |       1 |   6.7
        D:9 |    2655 |       0 |   0.0 |      22 |       0 |   0.0
       D:10 |    3752 |     370 |   9.0 |      22 |       1 |   4.3
       D:11 |    3796 |    4216 |  52.6 |      14 |      23 |  62.2
       D:12 |    8036 |    1090 |  11.9 |      29 |       4 |  12.1
       D:13 |    4487 |    6123 |  57.7 |       9 |      17 |  65.4
       D:14 |    7397 |       0 |   0.0 |      24 |       0 |   0.0
       D:15 |    7420 |    3184 |  30.0 |      16 |       5 |  23.8
     Lair:1 |    5798 |       0 |   0.0 |      22 |       0 |   0.0
     Lair:2 |    7134 |    1739 |  19.6 |      32 |      24 |  42.9
     Lair:3 |    9764 |    3527 |  26.5 |      19 |      10 |  34.5
     Lair:4 |    7948 |    3671 |  31.6 |      20 |       8 |  28.6
     Lair:5 |   26635 |    8083 |  23.3 |      51 |      29 |  36.2
   Spider:1 |   17397 |    1801 |   9.4 |      39 |       1 |   2.5
   Spider:2 |    6055 |       0 |   0.0 |      11 |       0 |   0.0
      Orc:1 |    4438 |     850 |  16.1 |      32 |       1 |   3.0
      Orc:2 |    2865 |    6853 |  70.5 |      24 |      37 |  60.7
      Sewer |       0 |     306 | 100.0 |       0 |      45 | 100.0
            +---------+---------+-------+---------+---------+-------
